 Dungeon Crawl Stone Soup version 0.18.1-48-g4cf74bf (webtiles) character file.

205991 Peloso the Fencer (level 18, -6/170 HPs)
             Began as a Minotaur Fighter on Aug 11, 2016.
             Was the Champion of Okawaru.
             Killed from afar by a deep elf knight (30 damage)
             ... with an orb of energy
             ... on level 2 of the Elven Halls.
             The game lasted 02:08:18 (34420 turns).

Peloso the Fencer (Minotaur Fighter)               Turns: 34420, Time: 02:08:19

Health: -6/170     AC: 28    Str: 31    XL:     18   Next: 5%
Magic:  19/19      EV: 12    Int:  5    God:    Okawaru [******]
Gold:   2599       SH: 17    Dex: 13    Spells: 0 memorised, 17 levels left

rFire  + + .     SeeInvis .     r - +5 scimitar "Taydd" {venom, rC+ Str+5}
rCold  + . .     Gourm    .     k - +3 plate armour {MR+}
rNeg   + . .     Faith    .     g - +0 shield {reflect} (curse)
rPois  .         Spirit   .     M - +2 hat
rElec  .         Dismiss  .     G - +2 cloak {MR+}
rCorr  .         Reflect  +     E - +1 pair of gloves of the Original Sin {rF+ rN+}
SustAt .         Harm     .     (no boots)
MR     +++..                    (no amulet)
Stlth  ..........               p - ring of protection from cold
                                X - ring of fire

@: extremely resistant to hostile enchantments, extremely unstealthy
A: retaliatory headbutt, horns 2
a: Heroism, Finesse, Renounce Religion
}: 1/15 runes: gossamer


You were on level 2 of the Elven Halls.
You worshipped Okawaru.
Okawaru was exalted by your worship.
You were not hungry.

You visited 6 branches of the dungeon, and saw 32 of its levels.
You also visited: Sewer.

You collected 3637 gold pieces.
You spent 1038 gold pieces at shops.

Inventory:

Hand Weapons
 b - a +2 long sword
 r - the +5 scimitar "Taydd" (weapon) {venom, rC+ Str+5}
   (Okawaru gifted it to you on level 12 of the Dungeon)

   It poisons the flesh of those it strikes.
   It affects your strength (+5).
   It protects you from cold.
 t - a +1 demon blade of venom
Armour
 g - a cursed +0 shield of reflection (worn)
 k - a +3 plate armour of magic resistance (worn)
 l - a +2 crystal plate armour
 z - the +0 cloak of Turau {Regen+ MP-9 Dex+6 SInv}
   (You found it on level 5 of the Dungeon)

   It affects your dexterity (+6).
   It affects your magic capacity (-9).
   It lets you see invisible.
   It increases your rate of regeneration.
 E - the +1 pair of gloves of the Original Sin (worn) {rF+ rN+}
   (You acquired it on level 3 of the Spider Nest)

   It protects you from fire.
   It protects you from negative energy.
 G - a +2 cloak of magic resistance (worn)
 M - a +2 hat (worn)
 T - the +2 pair of gloves "Vimnacun" {-Tele rElec rN+ Int+7}
   (Okawaru gifted it to you on level 13 of the Dungeon)

   It affects your intelligence (+7).
   It insulates you from electricity.
   It protects you from negative energy.
   It prevents most forms of teleportation.
Jewellery
 p - a ring of protection from cold (right hand)
 y - an uncursed ring of poison resistance
 X - a ring of fire (left hand)
Wands
 D - a wand of random effects (19/48)
 L - a wand of teleportation (9/9)
 R - a wand of digging (14/24)
Scrolls
 e - 6 scrolls of teleportation
 m - 7 scrolls of identify
 q - 9 scrolls of remove curse
 s - 4 scrolls of fear
 u - a scroll of holy word
 w - 4 scrolls of blinking
 x - a scroll of summoning {unknown}
 A - 3 scrolls of magic mapping
 C - 3 scrolls of enchant armour
 U - 2 scrolls of recharging
 Y - 4 scrolls of enchant weapon
Potions
 c - 9 potions of haste
 d - 4 potions of might
 h - 4 potions of flight
 j - 7 potions of curing
 n - 6 potions of ambrosia
 v - 2 potions of heal wounds
 B - 3 potions of brilliance
 K - 4 potions of agility
 P - a potion of invisibility
 W - 3 potions of resistance
 Z - a potion of berserk rage
Comestibles
 a - 11 fruits
 f - 23 bread rations
 i - 18 meat rations
 o - 3 chunks of flesh
 F - a slice of pizza
 J - 15 beef jerkies
 O - 3 royal jellies


   Skills:
 + Level 17.5 Fighting
 + Level 20.3 Long Blades
 + Level 15.6 Armour
 + Level 7.7 Dodging
 + Level 1.9 Stealth
 + Level 20.0 Shields
 + Level 2.9 Invocations


You had 17 spell levels left.
You didn't know any spells.

Dungeon Overview and Level Annotations

Branches:
Dungeon (15/15)            Temple (1/1) D:6            Lair (8/8) D:10
  Swamp (0/4) Lair:5       Spider (4/4) Lair:4        Slime (0/6) Lair:8
    Orc (2/2) D:9             Elf (2/3) Orc:2        Vaults (0/5) D:14
 Depths (0/5) D:15

Altars:
Ashenzari
Cheibriados
Dithmenos
Elyvilon
Fedhas
Gozag
Kikubaaqudgha
Makhleb
Nemelex Xobeh
Okawaru
Pakellas
Qazlal
Ru
Sif Muna
Trog
Vehumet
Xom
Yredelemnul
Zin
The Shining One
Beogh

Shops:
D:4 [   D:6 :(   D:7 %   D:12 !   Orc:1 %   Orc:2 :[(:*}[*


Innate Abilities, Weirdness & Mutations

You reflexively headbutt those who attack you in melee.
You have a pair of horns on your head.


Message History

The deep elf knight is moderately wounded.
The deep elf archer shoots an arrow.
The arrow hits you!!
* * * LOW HITPOINT WARNING * * *
The deep elf knight hits you but does no damage.
Unknown command.
You miss the deep elf knight.
Your headbutt misses the deep elf knight.
The deep elf knight is moderately wounded.
Unknown command.
Your plate armour prevents you from hitting the deep elf knight.
The deep elf knight is moderately wounded.
You block the deep elf knight's attack.
The deep elf archer shoots an arrow.
The arrow hits you!
* * * LOW HITPOINT WARNING * * *
Unknown command.
You miss the deep elf knight.
The deep elf knight is moderately wounded.
The deep elf knight points at you and mumbles some strange words.
The orb of energy hits you!
You die...

#(.##.8e8E##..#
#..#..e..#..#
#eee.e(e.*..#
##(##E(.##.##
#. #####..# #
...## #### ...
##+.(###.##
#....(@.(.#
#(..P..e.<#
+....⌠.P..#
#...P.....#
#...e.....#
###.....###
###....#
####..# #.#


You could see a deep elf archer and a deep elf knight.

Vanquished Creatures
  Saint Roka (Orc:2)
  Norris (D:14)
  Arachne (Spider:2)
  Rupert (Lair:5)
  Asterion (Spider:1)
  Gastronok (Lair:2)
  Kirke (D:13)
  Donald (D:14)
  4 ghost moths
  4 emperor scorpions
  Louise (Spider:2)
  A deep elf sorcerer (Elf:1)
  2 spark wasps
  The ghost of chronatog the Protected, a journeyman HOFi of Trog (Orc:2)
  A deep elf death mage (Elf:1)
  Josephine (Lair:4)
  Fannar (Lair:3)
  2 entropy weavers
  6 hydras
  4 centaur warriors
  A queen ant (Spider:4)
  2 tengu warriors (D:14)
  11 death yaks
  3 dancing weapons (Elf:1)
  Urug (Orc:1)
  The ghost of Sneal the Covert, a novice OpAs of Yredelemnul (D:9)
  2 orc high priests (Orc:2)
  5 deep elf knights
  Nergalle (Lair:4)
  3 skeletal warriors (D:14)
  A deep troll (D:12)
  3 unseen horrors
  A swamp dragon (Lair:5)
  2 large abominations (Elf:1)
  6 hill giants
  A lindwurm (shapeshifter) (D:15)
  2 orc knights
  5 deep elf archers (Elf:1)
  3 manticores
  17 ugly things
  13 orb spiders
  21 deep elf magi
  A necromancer (Elf:1)
  34 wolf spiders
  3 cyclopes
  2 orc sorcerers
  4 moths of wrath
  A griffon (D:13)
  6 hornets
  12 elephants
  A salamander (D:15)
  A guardian serpent (Lair:8)
  9 black mambas
  21 spiny frogs
  A torpor snail (Spider:2)
  A gargoyle (D:14)
  6 centaur skeletons
  A yaktaur (D:14)
  3 rime drakes
  12 demonic crawlers
  6 komodo dragons
  30 jumping spiders
  9 trolls
  A merfolk (D:15)
  2 polar bears
  A queen bee (shapeshifter) (Elf:2)
  3 two-headed ogres
  9 blink frogs
  Prince Ribbit (D:7)
  3 slime creatures
  A shadow (D:13)
  A spriggan (D:9)
  An air elemental (Elf:1)
  Sigmund (D:6)
  81 yaks
  24 tarantellas
  81 redbacks
  9 wyverns
  A fire elemental (Elf:1)
  4 basilisks
  5 wraiths (Lair:4)
  21 humans
  9 hippogriffs
  4 hungry ghosts
  6 vampire mosquitoes
  2 mottled dragons (D:14)
  Edmund (D:6)
  Menkaure (D:6)
  3 wargs
  26 soldier ants
  19 water moccasins
  15 porcupines
  2 ice beasts
  Duvessa (D:7)
  34 orc warriors
  7 sky beasts
  8 wasps
  3 phantoms
  3 boggarts (D:15)
  An eye of draining (D:7)
  9 ogres
  23 wolves
  7 centaurs
  7 crocodiles
  Blork the orc (D:6)
  21 giant frogs
  2 big kobolds
  3 elf zombies (Elf:1)
  Dowan (D:7)
  7 scorpions
  18 killer bees
  12 wights
  3 howler monkeys
  6 electric eels
  7 crimson imps
  4 jellies
  3 giant frog zombies
  3 giant frog skeletons
  9 hounds
  32 orc priests
  Crazy Yiuf (D:7)
  Jessica (D:2)
  13 iguanas
  32 orc wizards
  4 hell rats (Lair:7)
  28 worker ants
  22 sheep
  A worker ant zombie (D:5)
  75 river rats
  21 adders
  6 shadow imps
  10 oozes (Sewer)
  2 adder skeletons
  4 worms
  3 dart slugs
  17 giant geckos
  118 orcs
  18 giant cockroaches
  5 goblins
  6 hobgoblins
  14 jackals
  12 kobolds
  5 quokkas
  12 ball pythons
  8 bats
  16 giant newts
  2 jackal zombies
  2 quokka skeletons
  10 rats
  2 bushes
  2 fungi
  3 plants
1353 creatures vanquished.

Vanquished Creatures (others)
  The ghost of Gottschkopf the Sorcerer, an adept DECj of Vehumet (Spider:3)
  A jumping spider (Spider:2)
  2 humans (D:13)
  An orc priest (D:9)
  An orc wizard (D:9)
  2 orcs
  A fulminant prism (Spider:3)
  19 fungi
  9 plants
37 creatures vanquished.

Grand Total: 1390 creatures vanquished

Notes
Turn   | Place    | Note
--------------------------------------------------------------
     0 | D:1      | Peloso the Minotaur Fighter began the quest for the Orb.
     0 | D:1      | Reached XP level 1. HP: 19/19 MP: 0/0
   106 | D:1      | Reached XP level 2. HP: 26/27 MP: 1/1
   236 | D:1      | You fall through a shaft!
   358 | D:1      | You fall through a shaft!
   549 | D:1      | Reached XP level 3. HP: 33/33 MP: 2/2
   968 | D:2      | Found a glowing golden altar of the Shining One.
   987 | D:2      | Found a basalt altar of Yredelemnul.
  1045 | D:2      | Noticed Jessica
  1053 | D:2      | Killed Jessica
  1053 | D:2      | Reached skill level 1 in Dodging
  1409 | D:2      | Found a sparkling altar of Nemelex Xobeh.
  1469 | D:2      | Reached XP level 4. HP: 39/41 MP: 3/3
  1489 | D:2      | Noticed an angel
  1497 | D:2      | Noticed a profane servitor
  1867 | D:3      | Found a bloodstained altar of Trog.
  1944 | D:3      | Reached skill level 5 in Armour
  2076 | D:3      | Found an opulent altar of Gozag.
  2237 | D:3      | Reached XP level 5. HP: 43/47 MP: 4/4
  2768 | D:4      | Reached skill level 5 in Fighting
  2768 | D:4      | Reached XP level 6. HP: 50/56 MP: 5/5
  2802 | D:4      | Reached skill level 5 in Shields
  2969 | D:4      | Found a glowing drain.
  2978 | Sewer    | Entered a sewer
  3865 | Sewer    | Reached XP level 7. HP: 61/61 MP: 6/6
  4070 | D:4      | Found Votyixu's Armour Shoppe.
  4349 | D:5      | Entered Level 5 of the Dungeon
  5060 | D:5      | Got a blackened cloak
  5071 | D:5      | Identified the cursed +0 cloak of Turau {Regen+ MP-9 Dex+6 SInv} (You found it on level 5 of the Dungeon)
  5232 | D:5      | Reached skill level 5 in Long Blades
  5369 | D:5      | You fall through a shaft for 2 floors!
  5382 | D:7      | Reached XP level 8. HP: 39/70 MP: 0/7
  5485 | D:7      | Found Sonacrav's Food Boutique.
  5541 | D:7      | Got a brightly glowing chain mail
  5552 | D:7      | Identified the +1 chain mail of Boredom {+Blink Int+4 Slay-3} (You found it on level 7 of the Dungeon)
  5681 | D:7      | Noticed Prince Ribbit
  5708 | D:7      | Killed Prince Ribbit
  5728 | D:7      | Noticed Crazy Yiuf
  5732 | D:7      | Killed Crazy Yiuf
  5934 | D:7      | Found a shadowy altar of Dithmenos.
  5941 | D:7      | Noticed Duvessa
  5941 | D:7      | Noticed Dowan
  5967 | D:7      | Killed Duvessa
  5978 | D:7      | Reached XP level 9. HP: 79/79 MP: 0/8
  5990 | D:7      | Killed Dowan
  6389 | D:6      | Found Vuffasch's Antique Weapon Shoppe.
  6397 | D:6      | Bought a glowing long sword for 87 gold pieces
  6447 | D:6      | Found Fireju's Book Boutique.
  6456 | D:6      | Found a staircase to the Ecumenical Temple.
  6466 | Temple   | Entered the Ecumenical Temple
  6496 | Temple   | Became a worshipper of Warmaster Okawaru
  6777 | D:6      | Noticed Menkaure
  6787 | D:6      | Killed Menkaure
  6857 | D:6      | Noticed Edmund
  6875 | D:6      | Killed Edmund
  6929 | D:6      | Noticed Sigmund
  6938 | D:6      | Killed Sigmund
  6938 | D:6      | Reached * piety under Okawaru
  7156 | D:6      | Noticed Blork the orc
  7165 | D:6      | Killed Blork the orc
  7568 | D:8      | Found a shattered altar of Ashenzari.
  7578 | D:8      | Reached ** piety under Okawaru
  7687 | D:8      | Found a deep blue altar of Sif Muna.
  7973 | D:9      | Reached skill level 10 in Shields
  7973 | D:9      | Reached XP level 10. HP: 88/88 MP: 0/9
  8009 | D:9      | Noticed Sneal's ghost (novice OpAs)
  8009 | D:9      | Noticed a deep troll
  8011 | D:9      | Noticed a deep elf knight
  8036 | D:9      | Killed Sneal's ghost
  8041 | D:9      | Killed a deep elf knight
  8041 | D:9      | Reached *** piety under Okawaru
  8140 | D:9      | Reached skill level 10 in Long Blades
  8719 | D:9      | Found a deep blue altar of Sif Muna.
  8721 | D:9      | Found a shattered altar of Ashenzari.
  8728 | D:9      | Noticed a hill giant
  8752 | D:9      | Killed a hill giant
  8752 | D:9      | Reached **** piety under Okawaru
  8752 | D:9      | Reached skill level 10 in Armour
  9321 | D:9      | Found a staircase to the Orcish Mines.
  9808 | D:10     | Entered Level 10 of the Dungeon
  9885 | D:10     | Noticed a hill giant
  9896 | D:10     | Killed a hill giant
  9896 | D:10     | Reached XP level 11. HP: 85/97 MP: 6/10
  9940 | D:10     | Reached ***** piety under Okawaru
  9945 | D:10     | Received a gift from Okawaru
 10302 | D:10     | Noticed a hill giant
 10319 | D:10     | Killed a hill giant
 10466 | D:10     | Found a staircase to the Lair.
 10648 | D:10     | Reached skill level 10 in Fighting
 11390 | D:11     | Noticed a hill giant
 11402 | D:11     | Killed a hill giant
 11483 | D:11     | Noticed a purple ugly thing
 11500 | D:11     | Killed a purple ugly thing
 11892 | D:12     | Found Waeqih's Distillery.
 12104 | D:12     | Noticed an unseen horror
 12117 | D:12     | Received a gift from Okawaru
 12364 | D:12     | Got a slimy scimitar {god gift}
 12365 | D:12     | Identified the +5 scimitar "Taydd" {venom, rC+ Str+5} (Okawaru gifted it to you on level 12 of the Dungeon)
 12520 | D:12     | Killed a deep troll
 12520 | D:12     | Reached XP level 12. HP: 92/108 MP: 7/11
 12732 | D:12     | Reached skill level 1 in Stealth
 12879 | D:13     | Found a radiant altar of Vehumet.
 12886 | D:13     | Reached skill level 1 in Invocations
 12896 | D:13     | Noticed a four-headed hydra
 12901 | D:13     | Noticed a six-headed hydra
 12924 | D:12     | Killed an eight-headed hydra
 12995 | D:12     | Killed a nine-headed hydra
 13101 | D:13     | Noticed Kirke
 13109 | D:13     | Killed Kirke
 13109 | D:13     | Received a gift from Okawaru
 13113 | D:13     | Got a pair of ancient gloves {god gift}
 13124 | D:13     | Identified the +2 pair of gloves "Vimnacun" {-Tele rElec rN+ Int+7} (Okawaru gifted it to you on level 13 of the Dungeon)
 13141 | D:13     | Reached ****** piety under Okawaru
 13284 | D:13     | Noticed a centaur warrior
 13300 | D:13     | Killed a centaur warrior
 13437 | D:13     | Noticed a centaur warrior
 13438 | D:13     | Noticed a centaur warrior
 13458 | D:13     | Killed a centaur warrior
 13465 | D:13     | Killed a centaur warrior
 13683 | Lair:1   | Entered Level 1 of the Lair of Beasts
 14008 | Lair:1   | Reached XP level 13. HP: 116/117 MP: 13/13
 14139 | Lair:1   | Got a slimy scale mail
 14160 | Lair:1   | Identified the cursed +1 scale mail of Xesir {Dex+2} (You found it on level 1 of the Lair of Beasts)
 14869 | Lair:2   | Noticed Gastronok
 14881 | Lair:2   | Killed Gastronok
 14881 | Lair:2   | Received a gift from Okawaru
 14881 | Lair:2   | Reached skill level 5 in Dodging
 15887 | Lair:3   | Noticed Fannar
 15905 | Lair:3   | Killed Fannar
 16596 | Lair:4   | Noticed Josephine
 16614 | Lair:4   | Killed Josephine
 16832 | Lair:4   | Found a hole to the Spider Nest.
 16853 | Lair:4   | Received a gift from Okawaru
 17325 | Lair:4   | Noticed Nergalle
 17330 | Lair:4   | Killed Nergalle
 17468 | Lair:5   | Noticed Rupert
 17486 | Lair:5   | Killed Rupert
 17914 | Lair:5   | Reached skill level 15 in Long Blades
 17914 | Lair:5   | Reached XP level 14. HP: 122/127 MP: 14/14
 18311 | Lair:5   | Found a staircase to the Swamp.
 18649 | Lair:6   | Reached skill level 15 in Shields
 19790 | Lair:7   | Received a gift from Okawaru
 20165 | Lair:7   | Received a gift from Okawaru
 20517 | Lair:8   | Entered Level 8 of the Lair of Beasts
 20722 | Lair:8   | Received a gift from Okawaru
 20947 | Lair:8   | Found a staircase to the Slime Pits.
 21060 | Lair:8   | Reached XP level 15. HP: 138/138 MP: 6/15
 21518 | Lair:8   | Received a gift from Okawaru
 22192 | Orc:1    | Entered Level 1 of the Orcish Mines
 22245 | Orc:1    | Found Xacotid's Food Emporium.
 22462 | Orc:2    | Entered Level 2 of the Orcish Mines
 22462 | Orc:2    | Noticed chronatog's ghost (journeyman HOFi)
 22554 | Orc:2    | Killed chronatog's ghost
 22625 | Orc:2    | Found a staircase to the Elven Halls.
 22710 | Orc:2    | Found a roughly hewn altar of Beogh.
 22791 | Orc:2    | Found Gojis's Antique Armour Emporium.
 22799 | Orc:2    | Bought a runed shield for 139 gold pieces
 22858 | Orc:2    | Found Asinaso's Gadget Shoppe.
 22877 | Orc:2    | Found Waatod's General Store.
 23036 | Orc:2    | Found a roughly hewn altar of Beogh.
 23051 | Orc:2    | Found Boitwut's Book Boutique.
 23109 | Orc:2    | Found Zaris's Book Boutique.
 23314 | Orc:2    | Noticed Saint Roka
 23359 | Orc:2    | Killed Saint Roka
 23632 | Orc:2    | Found Alecydwe's Antique Armour Shop.
 23633 | Orc:2    | Found a roughly hewn altar of Beogh.
 23637 | Orc:2    | Found Zyucwaal's Antique Weapon Boutique.
 23649 | Orc:2    | Bought a steaming plate armour for 812 gold pieces
 23662 | Orc:2    | Identified the +3 plate armour of the Hunter {+Inv} (You bought it in a shop on level 2 of the Orcish Mines)
 23775 | Orc:2    | Found a roughly hewn altar of Beogh.
 23776 | Orc:2    | Found Pucvyfes's Assorted Antiques.
 23797 | Orc:2    | Received a gift from Okawaru
 24009 | Orc:1    | Noticed Urug
 24027 | Orc:1    | Killed Urug
 24168 | Orc:1    | Paralysed by an orc sorcerer for 6 turns
 24527 | Spider:1 | Entered Level 1 of the Spider Nest
 24783 | Spider:1 | You fall through a shaft!
 24826 | Spider:2 | Reached skill level 15 in Fighting
 25150 | Spider:1 | Noticed Asterion
 25164 | Spider:1 | Killed Asterion
 26118 | Spider:2 | Noticed a ghost moth
 26131 | Spider:2 | Reached XP level 16. HP: 81/149 MP: 0/16
 26377 | Spider:2 | Received a gift from Okawaru
 26473 | Spider:2 | Noticed Arachne
 26493 | Spider:2 | Killed Arachne
 26638 | Spider:2 | Noticed Louise
 26660 | Spider:2 | Killed Louise
 27671 | Spider:3 | Received a gift from Okawaru
 27936 | Spider:3 | Identified a scroll of acquirement
 27940 | Spider:3 | Got a pair of bloodstained gloves
 27951 | Spider:3 | Identified the +1 pair of gloves of the Original Sin {rF+ rN+} (You acquired it on level 3 of the Spider Nest)
 28110 | Spider:3 | Noticed Gottschkopf's ghost (adept DECj)
 28127 | Spider:3 | Killed Gottschkopf's ghost
 28127 | Spider:3 | Reached skill level 15 in Armour
 28568 | Spider:4 | Entered Level 4 of the Spider Nest
 28860 | Spider:4 | Received a gift from Okawaru
 28869 | Spider:4 | Got a brightly glowing crystal plate armour {god gift}
 28886 | Spider:4 | Identified the +0 crystal plate armour of Indecent Exposure {MP+9} (Okawaru gifted it to you on level 4 of the Spider Nest)
 29422 | Spider:4 | Reached XP level 17. HP: 153/158 MP: 0/18
 30056 | Spider:4 | Got a gossamer rune of Zot
 30818 | D:14     | Noticed Norris
 30855 | D:14     | Noticed Donald
 30875 | D:14     | Killed Norris
 30875 | D:14     | Received a gift from Okawaru
 30903 | D:14     | Killed Donald
 31018 | D:14     | Found a gate to the Vaults.
 31128 | D:15     | Entered Level 15 of the Dungeon
 31318 | D:15     | Found a sparkling altar of Nemelex Xobeh.
 31863 | D:15     | Found a staircase to the Depths.
 32481 | Elf:1    | Entered Level 1 of the Elven Halls
 33179 | Elf:1    | Identified the Guide on Dark Secrets
 33962 | Elf:1    | Reached XP level 18. HP: 143/170 MP: 19/19
 34420 | Elf:2    | Killed from afar by a deep elf knight

Skill      XL: |  1  2  3  4  5  6  7  8  9 10 11 12 13 14 15 16 17 |
---------------+----------------------------------------------------+-----
Armour         | 4 5 6 7 9 10 11 12 13 14 15 | 15.6
Fighting       | 4 5 7 8 9 10 11 12 14 15 16 17 | 17.5
Dodging        | 1 2 3 4 6 7 |  7.7
Shields        | 4 6 7 8 10 11 12 13 14 16 17 19 20 | 20.0
Long Blades    | 3 4 5 7 9 10 12 13 15 16 17 18 20 | 20.3
Stealth        | 1 |  1.9
Invocations    | 2 |  2.9

Action                   |  1- 3 |  4- 6 |  7- 9 | 10-12 | 13-15 | 16-18 || total
-------------------------+-------+-------+-------+-------+-------+-------++-------
Melee: Long sword        |    77 |   295 |   366 |       |       |       ||   738
       Headbutt          |    10 |    42 |   109 |   241 |   577 |   401 ||  1380
       Falchion          |       |       |    36 |   589 |       |       ||   625
       Scimitar          |       |       |       |   227 |  1579 |  1227 ||  3033
       Rapier            |       |       |       |       |    11 |       ||    11
Invok: Heroism           |       |       |       |    11 |     7 |     8 ||    26
       Finesse           |       |       |       |     1 |       |       ||     1
Evoke: Wand              |       |       |       |       |     1 |       ||     1
  Use: Scroll            |       |    10 |     5 |    14 |     8 |     4 ||    41
       Potion            |       |     1 |       |     2 |     1 |     4 ||     8
  Eat: Chunk             |     1 |     9 |    17 |    19 |    36 |    23 ||   105
       Fruit             |       |       |     3 |     1 |     1 |     7 ||    12
       Beef jerky        |       |       |       |     1 |       |       ||     1
       Pizza             |       |       |       |       |     2 |       ||     2
Armor: Scale mail        |    11 |       |       |       |    41 |       ||    52
       Plate armour      |    50 |   226 |   189 |   328 |   443 |   330 ||  1566
       Crystal plate arm |       |       |       |       |       |   186 ||   186
Dodge: Dodged            |    23 |    75 |    58 |   277 |   538 |   407 ||  1378
Block: Shield            |    44 |   209 |   207 |       |  1028 |  1059 ||  2547
       Buckler           |       |       |     4 |   381 |   140 |       ||   525
       Reflection        |       |       |       |       |       |    17 ||    17
